 Dungeon Crawl Stone Soup version 0.29.1-13-g9f3cf754e1 (webtiles) character file.

Game seed: 1643709372609369723

19 Exodus22XD the Trooper (level 2, 27/27 HPs)
             Began as a Minotaur Fighter on Feb 5, 2023.
             Was a Follower of Uskayaw.
             Quit the game on level 1 of the Dungeon.
             The game lasted 00:00:38 (309 turns).

Exodus22XD the Trooper (Minotaur Fighter)            Turns: 309, Time: 00:00:38

Health: 27/27      AC:  7    Str: 26    XL:     2   Next: 55%
Magic:  1/1        EV:  9    Int:  5    God:    Uskayaw [*.....]
Gold:   24         SH:  4    Dex:  9    Spells: 1/1 levels left

rFire   . . .      SeeInvis .   a - +0 war axe
rCold   . . .      Faith    .   c - +0 buckler
rNeg    . . .      Spirit   .   b - +0 scale mail
rPois   .          Reflect  .   (helmet restricted)
rElec   .          Harm     .   (no cloak)
rCorr   .          Rampage  .   (no gloves)
Will    .....                   (no boots)
Stlth   ..........              (no amulet)
HPRegen 0.09/turn               j - +6 ring of strength
MPRegen 0.07/turn               (no ring)

@: no status effects
A: horns 2, retaliatory headbutt
a: Renounce Religion, Stomp


You were on level 1 of the Dungeon.
You worshipped Uskayaw.
Uskayaw was noncommittal.
You visited 1 branch of the dungeon, and saw 1 of its levels.

You collected 24 gold pieces.

Inventory:

Hand Weapons
 a - a +0 war axe (weapon)
Armour
 b - a +0 scale mail (worn)
 c - a +0 buckler (worn)
 f - a +0 pair of gloves
Jewellery
 j - a +6 ring of strength (left hand)
Scrolls
 e - 2 scrolls of magic mapping {unknown}
 g - 3 scrolls of identify {unknown}
 h - a scroll of enchant armour {unknown}
Potions
 d - a potion of might
 i - a potion of resistance {unknown}


   Skills:
 + Level 4.0 Fighting
 + Level 2.7 Axes
 + Level 3.9 Armour
 + Level 4.0 Shields


You had one spell level left.
You didn't know any spells.
Your spell library was empty.

Dungeon Overview and Level Annotations

Branches:
Dungeon (1/15)

Altars:
Uskayaw


Innate Abilities, Weirdness & Mutations

You have a pair of horns on your head.
You reflexively headbutt those who attack you in melee.


Message History

You completely miss the bat. The bat hits you.
You barely miss the bat. You block the bat's attack. x2
You barely miss the bat. You block the bat's attack.
The bat hits you but does no damage. You block the bat's attack.
A bat is nearby!
You miss the bat. Your headbutt misses the bat.
The bat hits you but does no damage. The bat hits you but does no damage.
You block the bat's attack.
An endoplasm comes into view.
Found a ring mail.
The endoplasm quivers.
The bat hits you but does no damage. The bat misses you.
The endoplasm jiggles.
The bat barely misses you.
You hit the endoplasm but do no damage. The bat closely misses you.
You furiously retaliate!
You headbutt the bat.
You kill the bat!
The endoplasm freezes you.
You are frozen.
You hit the endoplasm. Your headbutt misses the endoplasm.
The endoplasm is almost dead.
The endoplasm hits you.
The endoplasm hits you but does no damage.
You barely miss the endoplasm. You headbutt the endoplasm.
You kill the endoplasm!
Key pressed, stopping explore.
No target in view!
Found a faded altar of an unknown god.
No target in view!
No target in view!
No target in view!
You see here a +0 ring mail.
There is a faded altar of an unknown god here.
You cannot tell which god this altar belongs to.
Convert to them anyway?
Uskayaw accepts your prayer! Uskayaw welcomes you!
You can now stomp with the beat.
Okay, then.
Are you sure you want to abandon this character and quit the game? (Confirm with "yes".)

#####.##.....##.........#
#.####..............# #.#
######.......#.# #.#
#.......#.# #.#####
#....^..#.# #.....#
##.......#.# #####.#
#.....#### #.####.[#..#
#......#@#
.........†...#..#
................#
##.#######........ ..
########## #


There were no monsters in sight!

Vanquished Creatures
  3 ball pythons (D:1)
  2 bats (D:1)
  3 endoplasms (D:1)
  3 goblins (D:1)
  2 quokkas (D:1)
  2 frilled lizards (D:1)
  A kobold (D:1)
16 creatures vanquished.

Notes
Turn   | Place    | Note
-------+----------+-------------------------------------------
     0 | D:1      | Exodus22XD the Minotaur Fighter began the quest for the
                  | Orb.
     0 | D:1      | Reached XP level 1. HP: 19/19 MP: 0/0
    72 | D:1      | Reached XP level 2. HP: 27/27 MP: 1/1
   305 | D:1      | Found a faded altar of an unknown god.
   308 | D:1      | Prayed at the altar of an unknown god.
   308 | D:1      | Became a worshipper of Uskayaw the Reveller
   308 | D:1      | Reached * piety under Uskayaw
   309 | D:1      | Quit the game

Illustrated notes

Levels and vault maps discovered:
D:1:      lightli_arrival_statue_moat, layout_loops_ring,
          chequers_ecumenical_altar_simple, minmay_crystal_water

Skill      XL: |  1  2 |
---------------+-------+-----
Fighting       | 4 |  4.0
Shields        | 4 |  4.0
Axes           | |  2.7
Armour         | |  3.9

Action                   || total
-------------------------++-------
Melee: War axe           ||    24
       Headbutt          ||     2
Armor: Scale mail        ||    12
Dodge: Dodged            ||    11
Block: Buckler           ||     5
